 Dungeon Crawl Stone Soup version 0.19.5 (webtiles) character file.

803 miragecloak the Transmogrifier (level 7, -5/31 HPs)
             Began as a Felid Transmuter on May 5, 2017.
             Was a Follower of Ashenzari.
             Slain by a centaur warrior zombie (7 damage)
             ... on level 10 of the Dungeon.
             The game lasted 00:14:32 (7866 turns).

miragecloak the Transmogrifier (Felid Transmuter)   Turns: 7866, Time: 00:14:32

Health: -5/31      AC:  2    Str:  4    XL:     7   Next: 59%
Magic:  10/11      EV: 26    Int: 15    God:    Ashenzari [*.....]
Gold:   378        SH:  0    Dex: 21    Spells: 3 memorised, 2 levels left
                                        Lives:  0   Deaths: 2

rFire  . . .     SeeInvis +       - Unarmed
rCold  + . .     Gourm    .     (armour unavailable)
rNeg   . . .     Faith    .     (shield unavailable)
rPois  x         Spirit   .     (helmet unavailable)
rElec  .         Reflect  .     (cloak unavailable)
rCorr  .         Harm     .     (gloves unavailable)
MR     +....                    (boots unavailable)
Stlth  ++........               (no amulet)
                                (no ring)
                                o - ring of protection from cold (curse)

@: spider-form
A: no armour, no weapons or thrown items, stealth, (claws 0), (fangs 0), (icy
blue scales 0), see invisible, carnivore 3, clumsy 1, (speed 0), (shaggy fur 0),
slow metabolism 1, weak 1, wild magic 1, MP-powered wands, (sharp paws)
a: End Transformation, Curse Item, Scrying, Renounce Religion


You were on level 10 of the Dungeon.
You worshipped Ashenzari.
Ashenzari was aware of your devotion.
You were not hungry.
You were a venomous arachnid creature.
You visited 2 branches of the dungeon, and saw 11 of its levels.

You collected 378 gold pieces.

Inventory:

Missiles
 a - 211 arrows
Jewellery
 o - a cursed ring of protection from cold (left front leg)
Wands
 y - a wand of disintegration (7/24)
 C - a wand of digging (12/24)
Scrolls
 e - 4 scrolls of enchant armour {unknown}
 f - 3 scrolls of immolation {unknown}
 h - 4 scrolls of remove curse
 i - 6 scrolls of identify {unknown}
 k - a scroll of enchant weapon {unknown}
 m - a scroll of blinking {unknown}
 n - 2 scrolls of random uselessness {unknown}
 p - 2 scrolls of amnesia {unknown}
 u - a scroll of silence {unknown}
 v - a scroll of vulnerability {unknown}
 w - a scroll of teleportation {unknown}
 x - a scroll of noise {unknown}
 D - a scroll of fog {unknown}
Potions
 d - a potion of magic
 g - 3 potions of curing {unknown}
 j - 2 potions of heal wounds {unknown}
 l - a potion of mutation
 q - a potion of brilliance {unknown}
 r - 3 potions of might {unknown}
 t - a potion of cancellation {unknown}
 E - a potion of berserk rage {unknown}
Books
 b - a book of Changes

   Spells                             Type                      Level
   a - Beastly Appendage              Transmutation                1
   b - Sticks to Snakes               Transmutation                2
   c - Spider Form                    Transmutation/Poison         3
   d - Ice Form                       Ice/Transmutation            4
   e - Blade Hands                    Transmutation                5
 s - a book of Minor Magic

   Spells                             Type                      Level
   a - Magic Dart                     Conjuration                  1
   b - Blink                          Translocation                2
   c - Call Imp                       Summoning                    2
   d - Repel Missiles                 Charms/Air                   2
   e - Slow                           Hexes                        2
   f - Conjure Flame                  Conjuration/Fire             3
   g - Mephitic Cloud                 Conjuration/Poison/Air       3
 A - a book of Misfortune

   Spells                             Type                      Level
   a - Confusing Touch                Hexes                        1
   b - Confuse                        Hexes                        3
   c - Gell's Gravitas                Hexes/Translocation          3
   d - Petrify                        Transmutation/Earth          4
   e - Metabolic Englaciation         Hexes/Ice                    5
   f - Yara's Violent Unravelling     Hexes/Transmutation          5
Comestibles
 c - 8 meat rations
 z - a slice of pizza
 B - 2 royal jellies


   Skills:
 - Level 3.1 Fighting
 - Level 6.4 Dodging
 - Level 6.0 Unarmed Combat
 - Level 2.0 Spellcasting
 + Level 8.1 Transmutations
 - Level 3.3 Ice Magic
 - Level 3.5 Poison Magic


You had 2 spell levels left.
You knew the following spells:

 Your Spells              Type           Power        Failure   Level  Hunger
a - Beastly Appendage     Tmut           ####..       8%          1    #......
b - Spider Form           Tmut/Pois      ###.......   32%         3    ###....
c - Ice Form              Ice/Tmut       ###.....     54%         4    #####..


Dungeon Overview and Level Annotations

Branches:
Dungeon (10/15)            Temple (1/1) D:7
   Lair: D:8-11         Orc: D:9-12

Altars:
Ashenzari
Cheibriados
Dithmenos
Fedhas
Kikubaaqudgha
Makhleb
Nemelex Xobeh
Okawaru
Qazlal
Ru
Sif Muna
Uskayaw
Vehumet
Yredelemnul
Zin
The Shining One

Annotations:
D:6 Menkaure


Innate Abilities, Weirdness & Mutations

You cannot wear armour.
You are incapable of wielding weapons or throwing items.
Your paws allow you to move quietly. (Stealth)
((You have sharp claws.))
((You have razor-sharp teeth.))
You have supernaturally acute eyesight. (SInv)
You are carnivorous and can eat meat at any time.
((You cover ground quickly.))
((Your thick and shaggy fur keeps you warm. (AC +3, rC+)))
You have a slow metabolism.
((Your sharp claws are effective at attacking unaware monsters.))
((You are partially covered in icy blue scales. (AC +2)))
You are clumsy. (Dex -2)
You are weak. (Str -2)
Your spells are a little harder to cast, but a little more powerful.
You expend magic power (3 MP) to strengthen your wands.


Message History

The centaur warrior zombie barely misses you.
You hit the centaur warrior zombie.
The centaur warrior zombie is heavily damaged.
The centaur warrior zombie barely misses you.
The centaur warrior zombie hits you.
You hit the centaur warrior zombie.
The centaur warrior zombie is heavily damaged.
The centaur warrior zombie hits you.
You hit the centaur warrior zombie.
The centaur warrior zombie is heavily damaged.
The centaur warrior zombie hits you.
* * * LOW HITPOINT WARNING * * *
You are too injured to fight recklessly!
You bite the centaur warrior zombie!
The centaur warrior zombie is severely damaged.
The centaur warrior zombie hits you.
* * * LOW HITPOINT WARNING * * *
The centaur warrior zombie misses you. The centaur warrior zombie hits you!
You die...

########## ###
#........# ..#
#........# ##### ..#
#........###...# ..#
#........#...###
..###........#.#...#
..'.'........#.###.#
..###........#.#...#
..#
#........'.#s###.#
..#
#........###Z....#
..# #........#
#.#####.# ###
##+####### #.......#
#########


You could see a centaur warrior zombie.

Vanquished Creatures
  Prince Ribbit (D:5)
  A hippogriff (D:7)
  3 ice beasts
  2 ogres
  A centaur (D:9)
  A crocodile (D:7)
  A wyvern zombie (D:9)
  A scorpion (D:8)
  A howler monkey (D:5)
  2 bullfrog zombies
  A centaur zombie (D:8)
  3 crimson imps
  3 orc priests
  3 hounds
  5 orc wizards
  A bullfrog skeleton (D:6)
  An iguana (D:7)
  4 worker ants
  A killer bee zombie (D:8)
  A hound skeleton (D:6)
  A worker ant zombie (D:9)
  5 gnolls
  7 adders
  A howler monkey skeleton (D:4)
  A shadow imp (D:6)
  An adder zombie (D:6)
  An adder skeleton (D:8)
  A dart slug (D:3)
  A worm (D:4)
  2 leopard geckos
  26 orcs
  7 bats
  5 giant cockroaches
  6 goblins
  9 hobgoblins
  3 quokkas
  2 ball pythons
  2 frilled lizards
  3 kobolds (D:3)
  4 rats
125 creatures vanquished.

Vanquished Creatures (others)
  An orc priest (D:9)
  2 orcs (D:9)
3 creatures vanquished.

Grand Total: 128 creatures vanquished

Notes
Turn   | Place    | Note
-------+----------+-------------------------------------------
     0 | D:1      | miragecloak the Felid Transmuter began the quest for the Orb.
     0 | D:1      | Reached XP level 1. HP: 9/9 MP: 4/4
   251 | D:1      | Reached skill level 3 in Transmutations
   251 | D:1      | Reached XP level 2. HP: 10/12 MP: 4/6
   853 | D:2      | Found a snail-covered altar of Cheibriados.
   983 | D:3      | Reached XP level 3. HP: 15/15 MP: 5/7
  1042 | D:3      | Reached skill level 4 in Transmutations
  1061 | D:3      | Learned a level 3 spell: Spider Form
  1090 | D:3      | Reached skill level 1 in Poison Magic
  1090 | D:3      | Reached XP level 4. HP: 11/19 MP: 8/8
  2298 | D:4      | Reached XP level 5. HP: 21/22 MP: 4/9
  2385 | D:4      | Noticed an air elemental
  2388 | D:4      | Found a stormy altar of Qazlal.
  2391 | D:4      | Noticed a water elemental
  2391 | D:4      | Noticed a fire elemental
  2519 | D:5      | Entered Level 5 of the Dungeon
  2706 | D:5      | Found an iron altar of Okawaru.
  2710 | D:5      | Noticed an ogre
  2726 | D:5      | Killed an ogre
  2726 | D:5      | Gained mutation: You are covered in thick fur. (AC +2) [Felid growth]
  2726 | D:5      | Reached XP level 6. HP: 25/25 MP: 7/10
  2837 | D:5      | Noticed Prince Ribbit
  2864 | D:5      | Killed Prince Ribbit
  2864 | D:5      | Reached skill level 5 in Dodging
  3130 | D:5      | Found a basalt altar of Yredelemnul.
  3130 | D:5      | Found a glowing golden altar of the Shining One.
  3130 | D:5      | Found a shattered altar of Ashenzari.
  3130 | D:5      | Found a sacrificial altar of Ru.
  3179 | D:5      | Found an ancient bone altar of Kikubaaqudgha.
  3179 | D:5      | Found a shadowy altar of Dithmenos.
  3186 | D:5      | Became a worshipper of Ashenzari the Shackled
  3464 | D:6      | Reached XP level 7. HP: 28/28 MP: 8/11
  3515 | D:6      | Noticed Menkaure
  3571 | D:5      | Learned a level 4 spell: Ice Form
  3729 | D:5      | Reached skill level 5 in Unarmed Combat
  3870 | D:6      | Reached skill level 1 in Ice Magic
  4380 | D:7      | Found a staircase to the Ecumenical Temple.
  4471 | Temple   | Entered the Ecumenical Temple
  4625 | D:7      | Found a burning altar of Makhleb.
  4862 | D:8      | Reached XP level 8. HP: 28/32 MP: 8/12
  4868 | D:8      | Noticed a hippogriff
  5178 | D:7      | Killed a hippogriff
  5378 | D:8      | Reached skill level 5 in Transmutations
  5572 | D:8      | Noticed a catoblepas
  5626 | D:7      | Gained mutation: Your body sometimes deteriorates upon taking damage. [potion of mutation]
  5626 | D:7      | Gained mutation: You are clumsy. (Dex -2) [potion of mutation]
  5626 | D:7      | Gained mutation: You are partially covered in icy blue scales. (AC +2) [potion of mutation]
  5626 | D:7      | HP: 1/34 [poisoned by a gnoll]
  5627 | D:7      | Succumbed to a gnoll's poison
  5628 | D:7      | Reached XP level 7. HP: -1/30 MP: 11/11
  5731 | D:7      | Gained mutation: Your spells are a little harder to cast, but a little more powerful. [potion of mutation]
  5731 | D:7      | Gained mutation: You expend magic power (3 MP) to strengthen your wands. [potion of mutation]
  5732 | D:7      | Lost mutation: Your body sometimes deteriorates upon taking damage. [potion of mutation]
  5732 | D:7      | Gained mutation: You are weak. (Str -2) [potion of mutation]
  5732 | D:7      | Gained mutation: Your thick and shaggy fur keeps you warm. (AC +3, rC+) [potion of mutation]
  6550 | D:9      | Reached skill level 6 in Transmutations
  6599 | D:9      | Reached * piety under Ashenzari
  6832 | D:8      | Reached XP level 8. HP: 28/34 MP: 6/12
  7152 | D:9      | Reached skill level 7 in Transmutations
  7203 | D:9      | Slain by a wyvern zombie
  7204 | D:9      | Reached XP level 7. HP: -1/31 MP: 11/11
  7794 | D:10     | Entered Level 10 of the Dungeon
  7808 | D:10     | Reached skill level 8 in Transmutations
  7862 | D:10     | HP: 1/31 [centaur warrior zombie (5)]
  7866 | D:10     | Slain by a centaur warrior zombie

Skill      XL: |  1  2  3  4  5  6  7  8 |
---------------+-------------------------+-----
Transmutations | 3 4 8 7 |  8.1
Poison Magic   | 1 2 3 |  3.5
Dodging        | 3 4 5 6 |  6.4
Unarmed Combat | 4 6 |  6.0
Ice Magic      | 3 |  3.3
Fighting       | 3 2 |  3.1
Spellcasting   | |  2.0

Action                   |  1- 3 |  4- 6 |  7- 9 || total
-------------------------+-------+-------+-------++-------
Melee: Unarmed           |    65 |   122 |   309 ||   496
       Headbutt          |    12 |     2 |       ||    14
       Bite              |     4 |     2 |     3 ||     9
       Punch             |     1 |       |       ||     1
 Cast: Beastly Appendage |    22 |     6 |       ||    28
       Spider Form       |       |    18 |    43 ||    61
Invok: Curse Item        |       |       |     1 ||     1
  Use: Potion            |       |       |     4 ||     4
 Stab: Sleeping          |     5 |       |     3 ||     8
  Eat: Chunk             |     8 |     6 |    23 ||    37
Armor: Skin              |     4 |     5 |     7 ||    16
Dodge: Dodged            |    49 |   114 |   296 ||   459
